cohdb
Replays
Latest Replays
All Replays
Popular Replays
Top Player Replays
Match Explorer
How It Works
Community
CoH3 Stats
Reddit
Sign in to upload your games and track your stats! →
Sign in with Steam
Match 46514290
Unlisted
Match 46514290
Overview
Messages
Build Orders
End
Construct Infanterie Kompanie
Pioneer Squad
Grenadier Squad
Selects Terror Battlegroup
Selects Heavy Gunnery
MG 42 Machine Gun Team
Grenadier Squad
Construct Luftwaffe Kompanie
Flak 30 Anti-aircraft Gun Team
221 Scout Car
Jäger Squad
Support Elements
Medical Station
Wirbelwind Flakpanzer
Jäger Squad
Luftwaffe Officer Quarters
Marder III M Tank Destroyer
Dark Lord Cthulhu
Shitmatchking
0
0
Comments
sign in to comment!
No comments posted yet!